 Dungeon Crawl Stone Soup version 0.29.1-4-g47bece8355 (webtiles) character file.

Game seed: 1588497428081084728

885 GigaChad the Chopper (level 7, 0/62 HPs)
             Began as a Minotaur Fighter on Dec 7, 2022.
             Slain by a gnoll
             ... wielding a +0 halberd
              (4 damage)
             ... on level 4 of the Dungeon.
             The game lasted 00:05:41 (4781 turns).

GigaChad the Chopper (Minotaur Fighter)             Turns: 4781, Time: 00:05:41

Health: 0/62       AC: 10    Str: 22    XL:     7   Next: 76%
Magic:  6/6        EV: 10    Int:  5    God:
Gold:   166        SH:  4    Dex: 10    Spells: 6/6 levels left

rFire   . . .      SeeInvis .   a - +0 war axe
rCold   . . .      Faith    .   c - +0 buckler
rNeg    . . .      Spirit   .   b - +0 scale mail
rPois   .          Reflect  .   (helmet restricted)
rElec   .          Harm     .   s - +2 cloak
rCorr   .          Rampage  .   (no gloves)
Will    .....                   (no boots)
Stlth   ..........              (no amulet)
HPRegen 0.20/turn               (no ring)
MPRegen 0.10/turn               (no ring)

@: very slow
A: horns 2, retaliatory headbutt
a: no special abilities


You were on level 4 of the Dungeon.
You visited 1 branch of the dungeon, and saw 4 of its levels.

You collected 166 gold pieces.

Inventory:

Hand Weapons
 a - a +0 war axe (weapon)
Armour
 b - a +0 scale mail (worn)
 c - a +0 buckler (worn)
 s - a +2 cloak (worn)
Scrolls
 g - 2 scrolls of enchant armour {unknown}
 h - 6 scrolls of identify {unknown}
 i - 2 scrolls of magic mapping {unknown}
 j - a scroll of brand weapon {unknown}
 m - a scroll of poison {unknown}
 n - a scroll of blinking {unknown}
 q - a scroll of immolation {unknown}
 r - 2 scrolls of teleportation {unknown}
 t - a scroll of amnesia {unknown}
Potions
 d - 2 potions of might
 e - 2 potions of cancellation {unknown}
 f - a potion of berserk rage {unknown}
 k - a potion of degeneration {unknown}
 l - 4 potions of curing {unknown}
 o - 2 potions of heal wounds {unknown}
 p - 2 potions of lignification {unknown}


   Skills:
 + Level 5.8 Fighting
 + Level 7.4 Axes
 + Level 6.3 Armour
 + Level 2.0 Dodging
 + Level 4.5 Shields


You had 6 spell levels left.
You didn't know any spells.
Your spell library was empty.

Dungeon Overview and Level Annotations

Branches:
Dungeon (4/15)
 Temple: D:4-7

Altars:
Xom

Shops:
D:3 [:


Innate Abilities, Weirdness & Mutations

You have a pair of horns on your head.
You reflexively headbutt those who attack you in melee.


Message History

The gnoll hits you from afar with a +0 halberd!
Something hits you but does no damage. The orc hits you with a +0 hand axe.
The gnoll hits you but does no damage.
Things that are here:
a +0 club; an orc corpse You block something's attack.
The gnoll barely misses you. The gnoll hits you with a +0 spear.
The gnoll attacks as you move away! The gnoll hits you but does no damage.
Something hits you. The gnoll hits you with a +0 club.
The gnoll hits you but does no damage.
You enter the shallow water.
Moving in this stuff is going to be slow.
Your unstable footing causes you to fumble your attack.
The gnoll closely misses you. Something hits you. The gnoll closely misses you.
The orc hits you with a +0 hand axe.
* * * LOW HITPOINT WARNING * * *
The gnoll closely misses you.
You miss something. You closely miss the gnoll. You closely miss the orc.
The gnoll closely misses you. The gnoll hits you but does no damage.
Something hits you but does no damage. The gnoll hits you with a +0 club.
* * * LOW HITPOINT WARNING * * *
The orc hits you but does no damage. The gnoll hits you but does no damage.
You miss something. You hit the gnoll but do no damage.
You closely miss the orc.
The gnoll hits you from afar with a +0 spear.
* * * LOW HITPOINT WARNING * * *
You block the gnoll's attack. Something hits you but does no damage.
The gnoll hits you but does no damage. The orc hits you but does no damage.
You block the gnoll's attack.
The gnoll hits you from afar with a +0 halberd.
* * * LOW HITPOINT WARNING * * *
Something hits you but does no damage.
The gnoll hits you from afar with a +0 spear.
* * * LOW HITPOINT WARNING * * *
Your unstable footing causes you to fumble your attack.
The gnoll hits you with a +0 club.
* * * LOW HITPOINT WARNING * * *
The orc hits you but does no damage. The gnoll hits you but does no damage.
The gnoll hits you from afar with a +0 halberd.
You die...

#.~ #....# #.~ #....# #.~ #....#
#.~ #....# #.~ #....# #+###
############''''#############...#
..............gg............#.og#
~~~~~~~~~≈≈~.)g.@~~≈~~~~~~~~#####
≈~≈~≈≈≈≈≈≈≈~.).o~≈≈~≈≈≈≈≈≈≈≈≈≈≈≈≈
~~≈~~~~~~~~~).g.~~≈~≈≈≈~~~≈~≈~~~~
.................)...............
##.##..##.##...########.#########
#.##..##)##..## #.#
#.#..........### #.#
#.#........#...# #.#
#.#.######...#.##### #.#


You could see 4 gnolls and an orc.

Vanquished Creatures
  A kobold brigand (D:4)
  A necrophage (D:4)
  A vampire bat (D:3)
  A howler monkey (D:4)
  A gnoll bouda (D:4)
  An orc priest (D:3)
  3 hounds (D:4)
  An iguana (D:4)
  2 orc wizards (D:4)
  10 adders
  10 gnolls
  2 river rats (D:4)
  2 ufetubi (D:4)
  8 worms
  A dart slug (D:1)
  3 fire bats (D:3)
  16 orcs
  2 spectral bats (D:3)
  4 ball pythons
  14 bats
  3 bat skeletons (D:3)
  A bat zombie (D:3)
  11 endoplasms
  4 giant cockroaches
  9 goblins
  3 hobgoblins
  16 jackals
  3 quokkas
  A bat simulacrum (D:3)
  3 frilled lizards
  3 kobolds
  9 rats
150 creatures vanquished.

Vanquished Creatures (others)
  A plant (D:4)
1 creature vanquished.

Grand Total: 151 creatures vanquished

Notes
Turn   | Place    | Note
-------+----------+-------------------------------------------
     0 | D:1      | GigaChad the Minotaur Fighter began the quest for the Orb.
     0 | D:1      | Reached XP level 1. HP: 19/19 MP: 0/0
   357 | D:1      | Reached XP level 2. HP: 27/27 MP: 1/1
   737 | D:1      | Found a faded altar of an unknown god.
   959 | D:2      | Reached XP level 3. HP: 33/33 MP: 2/2
  1374 | D:2      | Reached skill level 3 in Axes
  1437 | D:2      | Reached XP level 4. HP: 33/41 MP: 3/3
  1941 | D:3      | Reached skill level 1 in Dodging
  2136 | D:3      | Reached skill level 4 in Axes
  2140 | D:3      | Reached XP level 5. HP: 41/47 MP: 4/4
  2216 | D:3      | Found Litharec's Book Emporium.
  2404 | D:3      | Reached skill level 5 in Axes
  2504 | D:3      | Reached XP level 6. HP: 52/55 MP: 5/5
  2697 | D:3      | Found Wiluw's Armour Shop.
  3108 | D:4      | Reached skill level 5 in Armour
  3190 | D:4      | Reached skill level 5 in Fighting
  3276 | D:4      | Reached skill level 6 in Axes
  3295 | D:4      | Found a shimmering altar of Xom.
  3536 | D:4      | Reached XP level 7. HP: 10/61 MP: 6/6
  4382 | D:4      | Reached skill level 7 in Axes
  4781 | D:4      | Slain by a gnoll

Illustrated notes

Levels and vault maps discovered:
D:1:      lemuel_arrival_behind_the_door_large, layout_basic,
          hellmonk_ecumenical_altar_arch_garden
D:2:      layout_basic
D:3:      layout_rooms, serial_co_window_serial, co_window_paths_b,
          co_window_paths_a, co_window_paths_b, co_window_paths_b,
          co_window_corner_a, co_window_2corner, co_window_corner_b,
          co_window_unsneaky_path_b, co_window_sun, glass_columns_a,
          serial_shops, shop, nicolae_diamond_shop, goddamned_bats
D:4:      lemuel_castle_with_subvaults [lemuel_castle_interior_carwin_2],
          layout_loops_ring, xom_teletrap_fun, lightli_sewer_entry_pipes

Skill      XL: |  1  2  3  4  5  6  7 |
---------------+----------------------+-----
Armour         | 4 5 6 |  6.3
Fighting       | 4 5 |  5.8
Shields        | 4 |  4.5
Axes           | 3 4 5 6 7 |  7.4
Dodging        | 1 2 |  2.0

Action                   |  1- 3 |  4- 6 |  7- 9 || total
-------------------------+-------+-------+-------++-------
Melee: War axe           |    70 |   158 |   114 ||   342
       Headbutt          |     9 |    14 |    11 ||    34
Armor: Scale mail        |    43 |   103 |    77 ||   223
Dodge: Dodged            |    49 |    95 |    66 ||   210
Block: Buckler           |    17 |    45 |    28 ||    90
